Map: Newkirk Precinct TE (Void)

Players

ViBE - Winner!

  • Race: Zerg Zerg
  • Spawn Location: 5:00

Allaryce

  • Race: Zerg Zerg
  • Spawn Location: 7:00

Event: WCS Austin 2017

VOD

Have the link to the VOD?

Description

Time

  • Played on: April 28, 2017, 1:31 p.m.
  • Length: 3:58

All games in this series

Show
View Real Time Build Order
Export as new Build Order

ViBE Zerg - Winner!

Build Orders: Pool First 

Get SALT Encoding   

  12  0:00  Drone  
  13  0:14  Overlord  
  13  0:18  Drone  
  14  0:32  Drone x2  
  16  0:37  Drone  
  17  0:47  Spawning Pool  
  17  0:48  Extractor  
  15  0:51  Drone  
  16  0:57  Drone  
  17  1:20  Hatchery  
  17  1:25  Overlord  
  16  1:34  Zergling x4  
  18  1:41  Zergling x2  
  19  1:48  Metabolic Boost  
  19  1:52  Zergling x2  
  20  2:01  Queen  
  22  2:10  Baneling Nest  
  22  2:13  Zergling x2  
  22  2:20  Zergling x2  
  23  2:26  Zergling x2  
  24  2:34  Zergling x2  
  25  2:42  Zergling x2  
  26  2:44  Queen  
  27  2:54  Zergling x6  
  30  3:02  Baneling x2  
  30  3:04  Baneling x2  
  30  3:06  Drone  
  31  3:14  Drone  
  31  3:15  Drone  
  32  3:30  Drone x3  
  33  3:44  Drone x3  
Show
View Real Time Build Order
Export as new Build Order

Allaryce Zerg 

Build Orders: Hatch First 

Get SALT Encoding   

  12  0:01  Drone  
  13  0:17  Drone  
  13  0:20  Overlord  
  14  0:28  Extractor x2  
  13  0:29  Drone  
  13  0:30  Drone  
  16  0:53  Hatchery  
  16  0:55  Drone  
  16  0:58  Drone  
  16  1:01  Extractor  
  16  1:06  Drone  
  17  1:19  Spawning Pool  
  16  1:25  Drone  
  16  1:26  Drone  
  18  1:33  Drone  
  19  1:49  Drone  
  20  1:54  Drone  
  21  2:05  Overlord  
  21  2:10  Queen  
  21  2:13  Metabolic Boost  
  23  2:17  Zergling x4  
  25  2:25  Queen  
  25  2:27  Zergling x4  
  29  2:36  Baneling Nest  
  26  2:38  Zergling x4  
  27  2:49  Queen  
  28  2:51  Zergling x2  
  28  2:55  Zergling x2  
  29  2:58  Drone  
  29  3:04  Drone  
  25  3:40  Zergling x10  
Tags
 
Add a new tag
Caveats
  • Supply blocks, unpowered buildings, or Contaminate may cause inaccurate times.
  • Supply counts are checked every 10 seconds.